 Dungeon Crawl Stone Soup version 0.29-a0-555-g3b24f45cc1 (webtiles) character file.

Game seed: 17873073280284231126

23 Hubjo the Insei (level 2, -3/22 HPs)
             Began as a Demonspawn Transmuter on June 7, 2022.
             Slain by Terence
             ... wielding a +2 falchion of holy wrath
              (8 damage)
             ... on level 2 of the Dungeon.
             The game lasted 00:01:06 (1297 turns).

Hubjo the Insei (Demonspawn Transmuter)             Turns: 1297, Time: 00:01:06

Health: -3/22      AC:  2    Str: 10    XL:     2   Next: 75%
Magic:  5/5        EV: 12    Int: 14    God:
Gold:   119        SH:  0    Dex: 13    Spells: 4/5 levels left

rFire   . . .      SeeInvis .     - Unarmed
rCold   . . .      Faith    .   (no shield)
rNeg    + . .      Spirit   .   a - +0 robe
rPois   .          Reflect  .   (helmet currently unavailable)
rElec   .          Harm     .   (no cloak)
rCorr   .          Rampage  .   (no gloves)
Will    .....                   (boots currently unavailable)
Stlth   ++........              k - amulet of magic regeneration
HPRegen 0.07/turn               d - ring of positive energy
MPRegen 0.49/turn               (no ring)

@: appendages (expiring)
A: horns 2, talons 2, demonic guardian 1
a: End Transformation


You were on level 2 of the Dungeon.
You had temporarily grown beastly horns and talons.
You visited 1 branch of the dungeon, and saw 2 of its levels.

You collected 119 gold pieces.

Inventory:

Armour
 a - a +0 robe (worn)
Jewellery
 d - a ring of positive energy (left hand)
 k - an amulet of magic regeneration (around neck)
 l - an amulet of reflection
Scrolls
 c - a scroll of poison {unknown}
 e - a scroll of noise {unknown}
 g - a scroll of fear {unknown}
 h - a scroll of blinking {unknown}
 i - a scroll of vulnerability {unknown}
Potions
 b - a potion of lignification
 f - a potion of curing {unknown}
 j - a potion of degeneration {unknown}


   Skills:
 * Level 1.7 Fighting
 - Level 1.7 Dodging
 + Level 0.8 Stealth
 + Level 2.9 Unarmed Combat
 + Level 2.1 Spellcasting
 + Level 2.0 Transmutations


You had 4 spell levels left.
You knew the following spells:

 Your Spells              Type           Power      Damage    Failure   Level
a - Beastly Appendage     Tmut           14%        N/A       10%         1

Your spell library contained the following spells:

 Spells                   Type           Power      Damage    Failure   Level
 Wereblood                Tmut           7%         N/A       16%         2
 Spider Form              Tmut/Pois      4%         N/A       43%         3
 Ignite Poison            Fire/Tmut/Pois 3%         N/A       47%         3
 Mephitic Cloud           Conj/Pois/Air  1%         N/A       56%         3
 Ice Form                 Ice/Tmut       4%         N/A       83%         4
 Freezing Cloud           Conj/Ice/Air   0%         6-21      100%        5


Dungeon Overview and Level Annotations

Branches:
Dungeon (2/15)

Altars:

Annotations:
D:2 Terence


Innate Abilities, Weirdness & Mutations

You have temporarily grown beastly horns and talons.
A weak demonic guardian rushes to your aid.


Message History

There are monsters nearby!
You grow a pair of large bovine horns.
Your feet morph into talons.
Terence shouts!
A bat comes into view.
Terence barely misses you.
You hit Terence but do no damage. You claw Terence, but do no damage.
The giant cockroach bites you but does no damage.
You hit Terence but do no damage.
Terence says, "Time to say good-bye..."
Terence hits you with a +2 falchion of holy wrath.
You convulse.
The giant cockroach bites you but does no damage.
You hit Terence but do no damage. You claw Terence.
Terence is moderately wounded.
Terence misses you.
The giant cockroach bites you but does no damage.
You barely miss Terence. Your kick misses Terence.
Terence is moderately wounded.
Terence hits you with a +2 falchion of holy wrath.
You convulse.
The giant cockroach bites you but does no damage.
You hit Terence. You claw Terence, but do no damage.
Your headbutt misses Terence.
Terence is moderately wounded.
Terence hits you with a +2 falchion of holy wrath!
You convulse.
* * * LOW HITPOINT WARNING * * *
The giant cockroach bites you.
* * * LOW HITPOINT WARNING * * *
You hit Terence but do no damage.
Terence is moderately wounded.
The giant cockroach barely misses you. Terence barely misses you.
You hit Terence. You claw Terence.
Terence is heavily wounded.
The giant cockroach bites you but does no damage.
Terence closely misses you. The giant cockroach closely misses you.
You barely miss Terence. Your kick misses Terence.
Terence is heavily wounded.
Terence hits you with a +2 falchion of holy wrath!
You die...

#. .# #. .# #.##.# #....
#.... ##..b# ##.$B@# ###
.#....@#####.b.###<##
............#.PP##.#.##
..####.####.#...#.###.##
#. #.#P..### ##.# #.
#.#... ##. #. #.##.####
##.# .. #.#####.###.##
.# #........#.##
#.#######.##


You could see Terence, a giant cockroach and a bat.

Vanquished Creatures
  A dart slug (D:1)
  2 endoplasms
  3 goblins (D:1)
  2 hobgoblins (D:1)
  3 kobolds (D:1)
  2 quokkas (D:1)
  2 bats (D:1)
  A frilled lizard (D:1)
  4 rats (D:1)
20 creatures vanquished.

Notes
Turn   | Place    | Note
-------+----------+-------------------------------------------
     0 | D:1      | Hubjo the Demonspawn Transmuter began the quest for the
                  | Orb.
     0 | D:1      | Reached XP level 1. HP: 15/15 MP: 3/3
   307 | D:1      | Gained mutation: A weak demonic guardian rushes to your
                  | aid. [demonic ancestry]
   307 | D:1      | Reached XP level 2. HP: 11/21 MP: 3/5
  1204 | D:1      | You fall into a shaft and drop 1 floor!
  1287 | D:2      | Noticed Terence
  1297 | D:2      | Slain by Terence

Illustrated notes

Levels and vault maps discovered:
D:1:      scummos_arrival_simple_fountains, layout_basic
D:2:      layout_loops_ring, serial_aquarium, aquarium_bridge_square
          [aquarium_subvault_wall, aquarium_subvault_bridge,
          aquarium_subvault_wall, aquarium_subvault_wall],
          aquarium_bridge_long_separate [aquarium_subvault_window,
          aquarium_subvault_wall, aquarium_subvault_bridge,
          aquarium_subvault_bridge, aquarium_subvault_bridge,
          aquarium_subvault_wall], aquarium_window_1, aquarium_window_corner,
          aquarium_view_2g, uniq_terence, uniq_natasha

Skill      XL: |  1  2 |
---------------+-------+-----
Transmutations | 2 |  2.0
Fighting       | |  1.7
Dodging        | |  1.7
Stealth        | |  0.8
Unarmed Combat | |  2.9
Spellcasting   | |  2.1

Action                   || total
-------------------------++-------
Melee: Unarmed           ||    45
       Kick              ||    12
       Headbutt          ||     4
 Cast: Beastly Appendage ||    17
 Stab: Sleeping          ||     1
Armor: Robe              ||    13
Dodge: Dodged            ||    28

Table legend: (Time is in decaauts)
 A = Elapsed time spent in this place.
 B = Non-inter-level travel time spent in this place.
 C = Inter-level travel time spent in this place.
 D = Time resting spent in this place.
 E = Time spent auto-exploring this place.
 F = Levels seen in this place.
 G = Mean time per level.
                   A        B        C        D        E       F      G
               +--------+--------+--------+--------+--------+-----+--------+
         Total |   1294 |   1288 |      6 |      0 |   1105 |   2 |  647.0 |
       Dungeon |   1294 |   1288 |      6 |      0 |   1105 |   2 |  647.0 |
               +--------+--------+--------+--------+--------+-----+--------+

Top non-repeatable levels by time:
     D:1: 1201 daAuts
     D:2: 92 daAuts
